 Dungeon Crawl Stone Soup version 0.24.0-1-gfbc8707 (webtiles) character file.

Game seed: 4511226759205084366, levelgen mode: deterministic

645 silenth the Cudgeler (level 7, -1/44 HPs)
             Began as a Gargoyle Gladiator on Oct 26, 2019.
             Killed by divine providence
             ... invoked by an orc priest
              (16 damage)
             ... on level 4 of the Dungeon.
             The game lasted 00:04:07 (3097 turns).

silenth the Cudgeler (Gargoyle Gladiator)           Turns: 3097, Time: 00:04:08

Health: -1/44      AC: 12    Str: 20    XL:     7   Next: 52%
Magic:  7/7        EV: 10    Int:  8    God:
Gold:   144        SH:  0    Dex: 11    Spells: 6/6 levels left

rFire    . . .     SeeInvis .   a - +0 flail
rCold    . . .     Gourm    .   (no shield)
rNeg     + . .     Faith    .   m - +0 scale mail
rPois    ∞         Spirit   .   c - +0 helmet
rElec    +         Reflect  .   (no cloak)
rCorr    +         Harm     .   h - +0 pair of gloves
MR       .....                  (no boots)
Stlth    ..........             (no amulet)
HPRegen  0.14/turn              p - ring of resist corrosion
MPRegen  0.10/turn              (no ring)

@: no status effects
A: negative energy resistance 1, electricity resistance, unbreathing,
petrification resistance, rot immunity, AC +4
a: no special abilities


You were on level 4 of the Dungeon.
You were not hungry.

You visited 1 branch of the dungeon, and saw 4 of its levels.

You collected 144 gold pieces.

Inventory:

Hand Weapons
 a - a +0 flail (weapon)
Missiles
 d - 5 throwing nets
 t - 6 javelins
 A - 4 boomerangs (quivered)
Armour
 b - a +0 leather armour
 c - a +0 helmet (worn)
 h - a +0 pair of gloves (worn)
 k - a +0 ring mail
 m - a +0 scale mail (worn)
Jewellery
 p - a ring of resist corrosion (left hand)
Wands
 w - a wand of random effects (8)
Scrolls
 g - 2 scrolls of teleportation {unknown}
 l - 5 scrolls of identify {unknown}
 n - a scroll of remove curse {unknown}
 q - 3 scrolls of enchant weapon {unknown}
 s - a scroll of fear {unknown}
 u - a scroll of blinking {unknown}
 v - 3 scrolls of magic mapping {unknown}
 y - a scroll of noise {unknown}
Potions
 f - 3 potions of heal wounds {unknown}
 i - a potion of brilliance {unknown}
 j - a potion of degeneration {unknown}
 o - a potion of lignification
 r - a potion of might {unknown}
 x - a potion of curing {unknown}
Comestibles
 e - 6 rations
 z - 4 chunks of flesh


   Skills:
 + Level 5.4 Fighting
 * Level 7.1 Maces & Flails
 - Level 1.7 Throwing
 - Level 2.4 Dodging


You had 6 spell levels left.
You didn't know any spells.
Your spell library was empty.

Dungeon Overview and Level Annotations

Branches:
Dungeon (4/15)
 Temple: D:4-7

Altars:


Innate Abilities, Weirdness & Mutations

You are resistant to torment.
Your stone body is resilient. (AC +4)
You are immune to poison.
You resist negative energy. (rN+)
You are resistant to electric shocks. (rElec)
You can survive without breathing.
You are immune to petrification.
You are immune to rotting.


Message History

Can't find anything matching that.
Unknown command.
You start resting.
Eating one of 5 chunks of flesh.
You eat one of the 5 chunks of flesh.
This raw flesh tastes terrible.
An orc priest comes into view. It is wielding a +0 dagger.
Throwing (i - inventory. (/) - cycle)
A - 4 boomerangs (quivered)
Press: ? - help, Shift-Dir - straight line, f - orc priest
Aim: an orc priest, wielding a +0 dagger (hasn't noticed you)
You throw a boomerang.
The boomerang closely misses the orc priest.
The orc priest shouts!
Throwing (i - inventory. (/) - cycle)
A - 4 boomerangs (quivered)
Press: ? - help, Shift-Dir - straight line, f/p - orc priest
Aim: an orc priest, wielding a +0 dagger You throw a boomerang.
The boomerang hits the orc priest but does no damage.
The orc priest calls down the wrath of Beogh upon you.
Beogh smites you!
You die...

.... ... ..... ###..#
.....##....# .........#.# .
......†....####.#
......)..........
^....###......... ...[.
#[[.....# .....###@#.##### #
#..# #..).#.# # .#
#..####.#.)..# #. .#
#.......).#### #.####.
#....#..### #.....##
#..#.#o##############......
##..#.#.................<...
#####...#...#######......#######
#............# #


You could see an orc priest.

Vanquished Creatures
  Sigmund (D:2)
  A crimson imp (D:3)
  An orc priest (D:3)
  4 orc wizards
  Ijyb (D:3)
  Natasha (thrice) (D:2)
  2 worker ants
  A hound zombie (D:4)
  3 adders
  An ooze (D:1)
  3 adder skeletons (D:4)
  3 worms
  2 dart slugs
  2 leopard geckos (D:2)
  17 orcs
  3 ball pythons
  7 bats
  3 giant cockroaches (D:4)
  4 hobgoblins
  3 jackals (D:4)
  10 kobolds
  3 quokkas
  6 frilled lizards
  8 goblins
  5 rats
97 creatures vanquished.

Notes
Turn   | Place    | Note
-------+----------+-------------------------------------------
     0 | D:1      | silenth the Gargoyle Gladiator began the quest for the Orb.
     0 | D:1      | Reached XP level 1. HP: 12/12 MP: 1/1
   152 | D:1      | Reached XP level 2. HP: 12/18 MP: 2/2
   874 | D:2      | Reached XP level 3. HP: 22/22 MP: 3/3
   913 | D:2      | Reached skill level 4 in Maces & Flails
  1104 | D:2      | Noticed Natasha
  1113 | D:2      | Killed Natasha
  1113 | D:2      | Reached skill level 3 in Fighting
  1113 | D:2      | Reached XP level 4. HP: 25/28 MP: 4/4
  1181 | D:2      | Noticed Natasha
  1187 | D:2      | Killed Natasha
  1515 | D:2      | Noticed Sigmund
  1521 | D:2      | Killed Sigmund
  1521 | D:2      | Reached skill level 4 in Fighting
  1521 | D:2      | Reached skill level 5 in Maces & Flails
  1521 | D:2      | Reached XP level 5. HP: 33/33 MP: 5/5
  1521 | D:2      | Reached XP level 6. HP: 38/38 MP: 6/6
  1548 | D:2      | Noticed Natasha
  1574 | D:2      | Killed Natasha
  1980 | D:3      | Reached skill level 6 in Maces & Flails
  2300 | D:3      | Reached XP level 7. HP: 41/44 MP: 7/7
  2394 | D:3      | Noticed Ijyb
  2411 | D:3      | Killed Ijyb
  2411 | D:3      | Reached skill level 5 in Fighting
  2973 | D:4      | Reached skill level 7 in Maces & Flails
  3001 | D:4      | HP: 4/44 [orc (3)]
  3006 | D:4      | HP: 4/66 [orc (3)]
  3097 | D:4      | Killed from afar by an orc priest

Levels and vault maps discovered:
D:1:      minmay_arrival_stair_chambers, layout_loops_corners,
          minmay_tetromino_s4
D:2:      layout_basic, serial_forest, infiniplex_forest_clump_cross,
          infiniplex_forest_end_double, infiniplex_forest_end_2,
          infiniplex_forest_straight_3, infiniplex_forest_corner_1,
          infiniplex_forest_lined_4_way, infiniplex_forest_end_1,
          hangedman_feature_mirror, uniq_sigmund, uniq_natasha
D:3:      layout_loops_ring, uniq_ijyb
D:4:      layout_rooms, minmay_temple_entry_fiery, serial_shops, shop_coins,
          first_ration

Skill      XL: |  1  2  3  4  5  6  7 |
---------------+----------------------+-----
Maces & Flails | 4 5 6 7 |  7.1
Fighting       | 3 4 5 |  5.4
Throwing       | |  1.7
Dodging        | |  2.4

Action                   |  1- 3 |  4- 6 |  7- 9 || total
-------------------------+-------+-------+-------++-------
Melee: Flail             |    87 |   147 |   130 ||   364
Throw: Throwing net      |       |     1 |       ||     1
       Boomerang         |       |       |     3 ||     3
Evoke: Wand              |       |       |     1 ||     1
  Use: Potion            |       |       |     1 ||     1
 Stab: Sleeping          |     1 |       |       ||     1
       Held in net/web   |       |     1 |       ||     1
  Eat: Chunk             |     1 |     4 |     3 ||     8
Armor: Leather armour    |    10 |       |       ||    10
       Scale mail        |    12 |    83 |    94 ||   189
       Ring mail         |     3 |       |       ||     3
       Skin              |       |       |    21 ||    21
Dodge: Dodged            |    49 |    74 |    77 ||   200
